 Dungeon Sprint DCSS version 0.31-a0-43-g46d131a48f (webtiles) character file.

Game seed: 10502050170720397583

6800000 bmack86 the Infernalist (level 27, -35/323 HPs)
             Began as a Demonspawn Fire Elementalist on May 19, 2023.
             Was the Champion of Makhleb.
             Annihilated by a meat berserker
             ... wielding a +9 battleaxe
              (75 damage)
             ... in the Dungeon (Sprint VIII: "Arena of Blood").
             The game lasted 00:05:17 (68 turns).

bmack86 the Infernalist (DsFE)                        Turns: 68, Time: 00:05:17

Health: -35/323    AC:  3    Str: 21    XL:     27
Magic:  20/54      EV: 29    Int: 19    God:    Makhleb [******]
Gold:   0          SH:  0    Dex: 13    Spells: 79/80 levels left

rFire   . . .        h - +∞ Axe of Woe
rCold   . . .        (shield currently unavailable)
rNeg    . . .        a - +0 robe
rPois   .            (no helmet)
rElec   .            (no cloak)
rCorr   .            (no gloves)
SInv    .            (boots unavailable)
Will    ++...        (no amulet)
Stlth   +++++++++    (no ring)
HPRegen 0.73/turn    (no ring)
MPRegen 0.34/turn

%: no teleportation, repel missiles
@: slowed, very slow
A: hooves 3, repulsion field 3, icemail 2, robust 3, spiny 3, condensation
shield
a: Renounce Religion, Minor Destruction, Lesser Servant of Makhleb, Major
Destruction, Greater Servant of Makhleb


You were in the Dungeon.
You worshipped Makhleb.
Makhleb was exalted by your worship.
You visited 1 branch

Inventory:

Hand Weapons
 h - the +∞ Axe of Woe (weapon)
   (You found it in the Dungeon)
Armour
 a - a +0 robe (worn)
Scrolls
 g - a scroll of blinking
Potions
 b - 3 potions of magic
 c - a potion of curing
 d - a potion of heal wounds
 e - a potion of haste
 f - a potion of berserk rage


   Skills:
 O Level 27 Fighting
 + Level 21.6(24.4) Short Blades
 + Level 19.7(23.5) Long Blades
 O Level 27 Axes
 + Level 19.7(27) Maces & Flails
 + Level 19.7(27) Polearms
 + Level 19.7(25.5) Staves
 + Level 19.7 Ranged Weapons
 + Level 21.6 Throwing
 + Level 21.6 Armour
 O Level 27 Dodging
 O Level 27 Stealth
 O Level 27 Shields
 + Level 21.6 Unarmed Combat
 O Level 27 Spellcasting
 + Level 23.6 Conjurations
 + Level 23.3 Hexes
 + Level 23.3 Summonings
 + Level 25.1 Necromancy
 + Level 21.6 Translocations
 + Level 21.6 Transmutations
 O Level 27 Fire Magic
 + Level 21.6 Ice Magic
 + Level 21.6 Air Magic
 + Level 21.6 Earth Magic
 + Level 23.3 Poison Magic
 O Level 27 Invocations
 + Level 23.3 Evocations


You had 79 spell levels left.
You knew the following spells:

 Your Spells              Type           Power      Damage    Failure   Level
a - Foxfire               Conj/Fire      100%       2x1d9     0%          1

Your spell library contained the following spells:

 Spells                   Type           Power      Damage    Failure   Level
 Scorch                   Fire           100%       2d9       0%          2
 Inner Flame              Hex/Fire       88%        N/A       0%          3
 Volatile Blastmotes      Fire/Tloc      100%       2d18      0%          3
 Flame Wave               Conj/Fire      89%        2d19      0%          4


Dungeon Overview and Level Annotations

Branches:
Dungeon (1/1)

Altars:
Makhleb


Innate Abilities, Weirdness & Mutations

You have hooves in place of feet.
You are surrounded by a strong repulsion field. (EV +4, RMsl)
A meltable icy envelope protects you from harm. (AC +0)
You are extremely robust. (+30% HP)
You are completely covered in sharp spines.
A meltable shield of frost defends you. (SH +0)


Message History

A meat beast comes into view.
You hear a shout! x2
The destroyer is engulfed in blazing flames.
The destroyer hits you with a +9 heavy great sword!!!!
* * * LOW HITPOINT WARNING * * *
The destroyer bites you!
* * * LOW HITPOINT WARNING * * *
The destroyer draws strength from your injuries!
You hear a shout!
The bag of meat shouts!
The meat beast bellows!
Your Hexes skill increases to level 23!
Your Summonings skill increases to level 23!
Your Necromancy skill increases to level 25!
Your Poison Magic skill increases to level 23!
Your Evocations skill increases to level 23!
You have reached level 27, the final one!
Your experience leads to an increase in your attributes!
Increase (S)trength, (I)ntelligence, or (D)exterity?
You feel stronger. x2; Your demonic ancestry asserts itself...
Sharp spines emerge from your entire body.
You cut the destroyer into ribbons!!!
You cleave the destroyer in twain.
You destroy the destroyer!
Makhleb accepts your kill.
You feel better.
You slash the bag of meat!
You butcher the bag of meat messily.
You kill the bag of meat!
Makhleb accepts your kill.
You hit the bag of meat.
You pulverise the bag of meat into a thin bloody mist.
You kill the bag of meat!
Makhleb accepts your kill.
You feel better.
You are engulfed in blazing flames.
* * * LOW HITPOINT WARNING * * *
You hear a roar!
You hear a shout!
You hear two shouts!
You hear a shout! x4
A bag of meat comes into view. It is wielding a +9 war axe.
The bag of meat is engulfed in blazing flames.
You hear a shout! x3
The meat berserker is engulfed in blazing flames.
The meat berserker rages.
The meat berserker hits you with a +9 battleaxe!!!!
You die...

##..... .. ...... ..
.....##.##.# .
...........
..####.....##.##.
#..............z.
#..o§§)....#.#..
#..§o@)V........
..o#.°OO§○........
....#O)O)☼...)....
...oo..○☼§))......
........))))......
.M....2.#)))W...#.
.o#o....#.))....#
.o....###).)....###.
........))###......


You could see an accursed, a meat beast (fast), a destroyer, a dread, 4 meat
berserkers and 8 bags of meat.

Vanquished Creatures
  A hell beast (D)
  5 royal mummies (D)
  9 vampire knights (D)
  35 ogres (D)
  6 two-headed ogres (D)
  A lich (D)
  A hydra (D)
  54 orcs (D)
  9 skeletal warriors (D)
121 creatures vanquished.

Vanquished Creatures (others)
  A two-headed ogre (D)
1 creature vanquished.

Grand Total: 122 creatures vanquished

Notes
Turn   | Place    | Note
-------+----------+-------------------------------------------
     0 | D        | Found the +∞ Axe of Woe
     0 | D        | bmack86 the Demonspawn Fire Elementalist began the quest
                  | for the Orb.
     0 | D        | Reached XP level 1. HP: 13/13 MP: 3/3
     1 | D        | Noticed a bag of meat
     3 | D        | Became a worshipper of Makhleb the Destroyer
     4 | D        | Noticed a bag of meat
     4 | D        | Noticed a bag of meat
     5 | D        | Noticed a bag of meat
     5 | D        | Noticed a bag of meat
     6 | D        | Noticed a bag of meat
     6 | D        | Noticed a bag of meat
     7 | D        | Noticed a bag of meat
     8 | D        | Killed a bag of meat
     8 | D        | Noticed a meat berserker
     8 | D        | Noticed a bag of meat
     9 | D        | Gained mutation: You are partially covered in sharp spines.
                  | [demonic ancestry]
     9 | D        | Reached XP level 2. HP: 19/19 MP: 3/14
     9 | D        | Gained mutation: You have large cloven feet. [demonic
                  | ancestry]
     9 | D        | Reached XP level 3. HP: 24/24 MP: 3/15
     9 | D        | Reached XP level 4. HP: 30/30 MP: 3/17
     9 | D        | Gained mutation: You are surrounded by a mild repulsion
                  | field. (EV +2) [demonic ancestry]
     9 | D        | Reached XP level 5. HP: 35/35 MP: 3/18
     9 | D        | Gained mutation: You are surrounded by a moderate repulsion
                  | field. (EV +3) [demonic ancestry]
     9 | D        | Reached XP level 6. HP: 41/41 MP: 3/20
     9 | D        | Gained mutation: A meltable shield of frost defends you.
                  | (SH +0) [demonic ancestry]
     9 | D        | Reached XP level 7. HP: 46/46 MP: 3/21
     9 | D        | Gained mutation: You have hoof-like feet. [demonic
                  | ancestry]
     9 | D        | Reached XP level 8. HP: 52/52 MP: 3/23
     9 | D        | Gained mutation: You have hooves in place of feet. [demonic
                  | ancestry]
     9 | D        | Reached XP level 9. HP: 57/57 MP: 3/24
     9 | D        | Reached XP level 10. HP: 63/63 MP: 3/25
     9 | D        | Killed a bag of meat
     9 | D        | Reached * piety under Makhleb
    10 | D        | Reached skill level 1 in Fighting
    10 | D        | Reached skill level 5 in Axes
    10 | D        | Reached skill level 10 in Dodging
    10 | D        | Gained mutation: You are robust. (+10% HP) [demonic
                  | ancestry]
    10 | D        | Reached XP level 11. HP: 65/77 MP: 3/27
    10 | D        | Noticed a meat berserker
    10 | D        | Killed a bag of meat
    10 | D        | Killed a bag of meat
    10 | D        | Noticed a meat berserker
    11 | D        | Reached skill level 10 in Stealth
    11 | D        | Reached XP level 12. HP: 18/89 MP: 3/30
    11 | D        | Gained mutation: A meltable icy envelope protects you from
                  | harm. (AC +0) [demonic ancestry]
    11 | D        | Reached XP level 13. HP: 19/94 MP: 3/31
    11 | D        | Killed a meat berserker
    11 | D        | Reached ** piety under Makhleb
    11 | D        | Killed a meat berserker
    11 | D        | Killed a bag of meat
    11 | D        | Noticed a bag of meat
    12 | D        | Reached XP level 14. HP: 56/110 MP: 4/35
    12 | D        | Killed a bag of meat
    12 | D        | Reached *** piety under Makhleb
    12 | D        | Noticed a bag of meat
    13 | D        | Reached skill level 15 in Dodging
    13 | D        | Killed a bag of meat
    13 | D        | Noticed a bag of meat
    14 | D        | Reached skill level 27 in Fire Magic
    14 | D        | Gained mutation: A meltable icy envelope protects you from
                  | harm. (AC +0) [demonic ancestry]
    14 | D        | Reached XP level 15. HP: 43/118 MP: 4/37
    14 | D        | Killed a meat berserker
    14 | D        | Noticed a meat berserker
    15 | D        | Noticed a meat berserker
    15 | D        | Killed a meat berserker
    15 | D        | Reached **** piety under Makhleb
    15 | D        | Noticed a meat berserker
    16 | D        | Reached skill level 10 in Fighting
    17 | D        | Noticed a meat berserker
    17 | D        | Noticed a meat berserker
    18 | D        | Noticed a destroyer
    18 | D        | Noticed a large bag of meat
    18 | D        | Noticed a meat berserker
    20 | D        | Noticed a destroyer
    20 | D        | Noticed a meat berserker
    21 | D        | Gained mutation: You are mostly covered in sharp spines.
                  | [demonic ancestry]
    21 | D        | Reached XP level 16. HP: 139/139 MP: 6/41
    21 | D        | Killed a meat berserker
    21 | D        | Reached ***** piety under Makhleb
    21 | D        | Killed a meat berserker
    22 | D        | Gained mutation: You are very robust. (+20% HP) [demonic
                  | ancestry]
    22 | D        | Reached XP level 17. HP: 146/166 MP: 6/44
    22 | D        | Killed a meat berserker
    22 | D        | Noticed a large bag of meat
    23 | D        | Reached skill level 15 in Fighting
    24 | D        | Noticed a meat berserker
    24 | D        | Killed a meat berserker
    24 | D        | Killed a meat berserker
    24 | D        | Killed a destroyer
    24 | D        | Reached ****** piety under Makhleb
    25 | D        | Reached skill level 27 in Axes
    25 | D        | Reached skill level 27 in Spellcasting
    25 | D        | Reached XP level 18. HP: 196/196 MP: 7/49
    25 | D        | Noticed a large bag of meat
    26 | D        | Noticed an eight-headed meat hydra
    26 | D        | Noticed a meat berserker
    27 | D        | Noticed a meat berserker
    27 | D        | Noticed a meat berserker
    27 | D        | Noticed a destroyer
    27 | D        | Noticed a large bag of meat
    28 | D        | Killed a meat berserker
    28 | D        | Killed a destroyer
    29 | D        | Reached skill level 27 in Fighting
    29 | D        | Reached skill level 27 in Dodging
    29 | D        | Reached skill level 27 in Stealth
    29 | D        | Reached XP level 19. HP: 226/226 MP: 8/50
    29 | D        | Killed a large bag of meat
    29 | D        | Killed a large bag of meat
    29 | D        | Noticed a meat berserker
    30 | D        | Noticed a meat berserker
    30 | D        | Noticed a meat berserker
    31 | D        | Reached XP level 20. HP: 160/236 MP: 8/51
    31 | D        | Killed a destroyer
    31 | D        | Killed a meat berserker
    32 | D        | Reached skill level 27 in Shields
    32 | D        | Noticed a destroyer
    32 | D        | Killed a meat berserker
    32 | D        | Noticed a meat berserker
    33 | D        | Reached skill level 5 in Necromancy
    33 | D        | Killed a meat berserker
    33 | D        | Killed a meat berserker
    34 | D        | Reached skill level 5 in Hexes
    34 | D        | Reached skill level 5 in Summonings
    34 | D        | Reached skill level 5 in Poison Magic
    34 | D        | Reached skill level 5 in Evocations
    35 | D        | Reached skill level 5 in Short Blades
    35 | D        | Reached skill level 5 in Throwing
    35 | D        | Reached skill level 5 in Armour
    35 | D        | Reached skill level 5 in Unarmed Combat
    35 | D        | Reached skill level 5 in Translocations
    35 | D        | Reached skill level 5 in Transmutations
    35 | D        | Reached skill level 5 in Ice Magic
    35 | D        | Reached skill level 5 in Air Magic
    35 | D        | Reached skill level 5 in Earth Magic
    35 | D        | Noticed a destroyer
    36 | D        | Killed a meat berserker
    36 | D        | Killed a nine-headed meat hydra
    36 | D        | Killed a large bag of meat
    36 | D        | Noticed a destroyer
    37 | D        | Killed a meat berserker
    37 | D        | Killed a large bag of meat
    37 | D        | Killed a meat berserker
    38 | D        | Reached skill level 5 in Long Blades
    38 | D        | Reached skill level 5 in Maces & Flails
    38 | D        | Reached skill level 5 in Polearms
    38 | D        | Reached skill level 5 in Staves
    38 | D        | Reached skill level 5 in Ranged Weapons
    39 | D        | Noticed a destroyer
    39 | D        | Noticed a large bag of meat
    40 | D        | Killed a meat berserker
    40 | D        | Noticed a meat berserker
    41 | D        | Reached XP level 21. HP: 158/244 MP: 11/52
    41 | D        | Noticed a destroyer
    42 | D        | Reached skill level 10 in Invocations
    42 | D        | Noticed an accursed
    42 | D        | Killed a destroyer
    43 | D        | Reached skill level 10 in Conjurations
    43 | D        | Reached skill level 10 in Necromancy
    44 | D        | Killed a destroyer
    44 | D        | Killed a destroyer
    45 | D        | Reached skill level 10 in Short Blades
    45 | D        | Reached skill level 10 in Throwing
    45 | D        | Reached skill level 10 in Armour
    45 | D        | Reached skill level 10 in Unarmed Combat
    45 | D        | Reached skill level 10 in Translocations
    45 | D        | Reached skill level 10 in Transmutations
    45 | D        | Reached skill level 10 in Ice Magic
    45 | D        | Reached skill level 10 in Air Magic
    45 | D        | Reached skill level 10 in Earth Magic
    46 | D        | Killed a destroyer
    46 | D        | Killed a destroyer
    47 | D        | Reached skill level 10 in Long Blades
    47 | D        | Reached skill level 10 in Maces & Flails
    47 | D        | Reached skill level 10 in Polearms
    47 | D        | Reached skill level 10 in Staves
    47 | D        | Reached skill level 10 in Ranged Weapons
    47 | D        | Reached skill level 15 in Invocations
    47 | D        | Gained mutation: You are surrounded by a strong repulsion
                  | field. (EV +4, RMsl) [demonic ancestry]
    47 | D        | Reached XP level 22. HP: 93/254 MP: 12/53
    47 | D        | Noticed an accursed
    50 | D        | Killed an accursed
    51 | D        | Reached skill level 15 in Conjurations
    51 | D        | Reached skill level 15 in Necromancy
    51 | D        | Reached XP level 23. HP: 189/262 MP: 13/54
    52 | D        | Killed an accursed
    52 | D        | Noticed a large bag of meat
    53 | D        | Killed a large bag of meat
    53 | D        | Noticed a tyrant
    54 | D        | Reached skill level 15 in Short Blades
    54 | D        | Reached skill level 15 in Throwing
    54 | D        | Reached skill level 15 in Armour
    54 | D        | Reached skill level 15 in Unarmed Combat
    54 | D        | Reached skill level 15 in Translocations
    54 | D        | Reached skill level 15 in Transmutations
    54 | D        | Reached skill level 15 in Ice Magic
    54 | D        | Reached skill level 15 in Air Magic
    54 | D        | Reached skill level 15 in Earth Magic
    54 | D        | Noticed an accursed
    55 | D        | Noticed an accursed
    56 | D        | Reached XP level 24. HP: 261/272 MP: 15/54
    56 | D        | Noticed an accursed
    58 | D        | Killed an accursed
    59 | D        | Reached skill level 15 in Long Blades
    59 | D        | Reached skill level 15 in Maces & Flails
    59 | D        | Reached skill level 15 in Polearms
    59 | D        | Reached skill level 15 in Staves
    59 | D        | Reached skill level 15 in Ranged Weapons
    59 | D        | Killed a tyrant
    59 | D        | Noticed a large bag of meat
    60 | D        | Killed a large bag of meat
    61 | D        | Reached XP level 25. HP: 151/280 MP: 16/54
    62 | D        | Noticed a dread
    63 | D        | Killed an accursed
    63 | D        | Noticed a destroyer
    64 | D        | Noticed a meat beast
    64 | D        | Killed an accursed
    64 | D        | Noticed a destroyer
    65 | D        | Killed a meat beast
    65 | D        | Killed a large bag of meat
    65 | D        | Noticed an accursed
    66 | D        | Reached skill level 27 in Invocations
    66 | D        | Gained mutation: You are extremely robust. (+30% HP)
                  | [demonic ancestry]
    66 | D        | Reached XP level 26. HP: 67/314 MP: 18/54
    67 | D        | Noticed a meat beast
    67 | D        | HP: 10/314 [destroyer/+9 heavy great sword (138)]
    67 | D        | HP: 1/314 [destroyer/+9 heavy great sword (9)]
    68 | D        | Gained mutation: You are completely covered in sharp
                  | spines. [demonic ancestry]
    68 | D        | Reached XP level 27. HP: 1/323 MP: 19/54
    68 | D        | Killed a destroyer
    68 | D        | Annihilated by a meat berserker

Illustrated notes

Levels and vault maps discovered:
D:        meatsprint

Skill      XL: |  1  2  3  4  5  6  7  8  9 10 11 12 13 14 15 16 17 18 19 20 21 22 23 24 25 26 |
---------------+-------------------------------------------------------------------------------+-----
Axes           | 3 5 7 12 14 21 24 27 | 27.0
Dodging        | 9 10 12 14 15 19 20 25 27 | 27.0
Stealth        | 8 9 10 12 13 16 17 21 27 | 27.0
Spellcasting   | 11 12 14 17 18 21 23 27 | 27.0
Conjurations   | 3 8 12 15 17 19 22 23 | 23.6
Fire Magic     | 17 19 22 26 27 | 27.0
Fighting       | 1 3 6 7 12 14 20 27 | 27.0
Shields        | 2 3 6 12 26 27 | 27.0
Short Blades   | 6 11 13 15 18 20 21 | 21.6
Long Blades    | 6 10 12 14 16 19 | 19.7
Maces & Flails | 6 10 12 14 16 19 | 19.7
Polearms       | 6 10 12 14 16 18 19 | 19.7
Staves         | 6 10 12 14 16 19 | 19.7
Ranged Weapons | 6 10 12 14 16 19 | 19.7
Throwing       | 6 11 13 15 18 20 21 | 21.6
Armour         | 6 11 13 15 18 21 | 21.6
Unarmed Combat | 6 11 13 15 18 21 | 21.6
Hexes          | 7 12 14 16 19 22 23 | 23.3
Summonings     | 7 12 14 16 19 22 23 | 23.3
Necromancy     | 8 13 15 18 21 24 25 | 25.1
Translocations | 6 11 13 15 18 21 | 21.6
Transmutations | 6 11 13 15 18 21 | 21.6
Ice Magic      | 6 11 13 15 18 20 21 | 21.6
Air Magic      | 6 11 13 15 18 20 21 | 21.6
Earth Magic    | 6 11 13 15 18 20 21 | 21.6
Poison Magic   | 7 12 14 16 19 22 23 | 23.3
Invocations    | 9 15 18 21 24 27 | 27.0
Evocations     | 7 12 14 16 19 22 23 | 23.3

Action                     |  1- 3 |  4- 6 |  7- 9 | 10-12 | 13-15 | 16-18 | 19-21 | 22-24 | 25-27 || total
---------------------------+-------+-------+-------+-------+-------+-------+-------+-------+-------++-------
  Melee: Executioner's axe |     1 |       |       |     2 |     6 |     7 |    14 |    14 |     7 ||    51
  Dodge: Dodged            |       |       |       |     1 |     1 |       |       |       |       ||     2
  Block: Other             |       |       |       |       |     1 |       |       |       |       ||     1

Table legend: (Time is in decaauts)
 A = Elapsed time spent in this place.
 B = Non-inter-level travel time spent in this place.
 C = Inter-level travel time spent in this place.
 D = Time resting spent in this place.
 E = Time spent auto-exploring this place.
 F = Levels seen in this place.
 G = Mean time per level.
                   A        B        C        D        E       F      G
               +--------+--------+--------+--------+--------+-----+--------+
         Total |     64 |     64 |      0 |      0 |      0 |   1 |   64.0 |
       Dungeon |     64 |     64 |      0 |      0 |      0 |   1 |   64.0 |
               +--------+--------+--------+--------+--------+-----+--------+

Top non-repeatable levels by time:
       D: 64 daAuts
